Unix NetHack Version 5.0.0-0 post-release - last build May 10 2026 23:12:36 (d1fa5d53e341ca933230fdaa984d921c805b60aa,branch:main).

Game began 2026-05-15 11:20:14, ended 2026-05-15 11:41:19.

Drastanta, lawful male human Samurai

                                                         ---
                                  ---                   --.|.--     -----
              ----               --.---.--            ---.....----  |...|
            ---..------------- ---.......---          |..........---#...| --##
            |................---.........(.-------------..........#....---#..#-
           --..|.----....................*...)................................|
        ----..----  |....).....................-----------%.............-###-#-
      ---.....|     --.-..-.............^........--   -..|-.#-.##.##...#-#
      |.......|       -..............|.--..^...>..----...|-----#-###.....#
      |......--       ---..........--   -----..--....^..-|      #0###....-
 -------....--          |.........--        |..|----.....------     |....^.#
 |...--|....|           |-........--        ----  |........|..|#    ---....#-
 |.....|...--           |..........---   ---      --.|.......^#*     *|#....|
--.........--           |.<..--.|....-- --.--d---  --------##-##-######.....|
|...|.......|           --..-   --....--|..@@e..--         --#-#...........--
--.---.--..--            ---     |.....||-.ddd...---      --.....####-....-
 --- ---|..|                     |.....--..........-- -----..--##    |...--
        ----                     --.................| |.....--        -..|
                                  ---.......|......-- |..----         ---
                                    --.--.-----.|.--  ----

Drastanta the Ninja    St:16 Dx:17 Co:18 In:13 Wi:9 Ch:6  Lawful
Dlvl:5  $:14 HP:0(55) Pw:21(21) AC:10 Xp:6 T:2561 

Latest messages:
 You swap places with the peaceful dwarf.
 You swap places with the peaceful dwarf.
 You hit the floating eye!
 You are frozen by the floating eye's gaze!
 The water nymph stole a +0 pair of mud boots.
 The water nymph stole an uncursed scroll labeled VERR YED HORRE.
 The water nymph stole an uncursed orange potion.
 The water nymph disarms your rusty +0 katana (weapon in right hand).
 She stole a rusty +0 katana.
 The water nymph stole an uncursed bag called Holdink containing 2 items.
 The water nymph stole an uncursed puce potion.
 The water nymph stole an uncursed rusty +0 dwarvish iron helm.
 The water nymph disarms your +0 yumi.
 She stole a +0 yumi.
 The water nymph stole an uncursed pyramidal amulet.
 The water nymph stole a wand of magic missile.
 The water nymph tries to rob you, but isn't interested in gold.
 The water nymph vanishes!
 You hear a jackal howling at the moon.
 You hear a jackal howling at the moon.
 The werejackal bites!
 The werejackal changes into a human.
 The werejackal hits!
 The werejackal hits!
 The werejackal hits!
 The werejackal hits!
 The werejackal summons help!
 A jackal suddenly appears next to you!
 A jackal suddenly appears next to you!
 A fox suddenly appears next to you!
 A jackal suddenly appears next to you!
 The werejackal hits!
 The jackal bites!
 The fox bites!
 The jackal bites!
 The jackal bites!
 The werejackal hits!
 The jackal bites!
 The fox bites!
 The jackal bites!
 The jackal bites!
 The werejackal hits!
 The jackal bites!
 The fox bites!
 You die...
 Do you want your possessions identified? [ynq] (y) n
 Do you want to see your attributes? [ynq] (y) n
 Do you want an account of creatures vanquished? [ynaq] (y) n
 Do you want to see your conduct and achievements? [ynq] (y) n
 Do you want to see the dungeon overview? [ynq] (y) n

Inventory:
 Coins    ('$')
  $ - 14 gold pieces

Drastanta the Samurai's attributes:

Background:
 You were a Ninja, a level 6 male human Samurai.
 You were lawful, on a mission for Amaterasu Omikami
 who was opposed by Raijin (neutral) and Susanowo (chaotic).
 You were right-handed.
 You were in the Gnomish Mines, on level 5.
 You entered the dungeon 2561 turns ago.
 You had 470 experience points, 170 more were needed to attain level 7.

Basics:
 You had 0 out of 55 hit points.
 You had all 21 energy points (spell power).
 Your armor class was 10.
 Your wallet contained 14 zorkmids.
 Autopickup was off.

Final Characteristics:
 Your strength was 16 (peak:17, limit:18/100).
 Your dexterity was 17 (limit:18).
 Your constitution was 18 (limit:18).
 Your intelligence was 13 (limit:18).
 Your wisdom was 9 (limit:18).
 Your charisma was 6 (limit:18).

Final Status:
 You weren't hungry.
 You were unencumbered.
 You were bare handed.
 You had basic skill with martial arts.
 You weren't wearing any armor.

Final Attributes:
 You were piously aligned.
 You were fast.
 You are dead.

Miscellaneous:
 You didn't encounter any bones levels.
 Total elapsed playing time was 21 minutes and 5 seconds.

Major events:
 Turn
    1: Drastanta the lawful male human Samurai entered the dungeon
  405: entered the Gnomish Mines
  510: attained the rank of Ronin (level 3)
 1525: attained the rank of Ninja (level 6)
 1563: reached Mine Town
 2561: killed by a fox, while frozen by a floating eye's gaze

You didn't know any spells.

Skills:
 Fighting Skills
   martial arts      [Basic]
   two weapon combat [Unskilled]
   riding            [Unskilled]
 Weapon Skills
   dagger            [Unskilled]
   knife             [Unskilled]
   short sword       [Basic]
   broadsword        [Unskilled]
   long sword        [Basic]
   two-handed sword  [Unskilled]
   saber             [Unskilled]
   flail             [Unskilled]
   quarterstaff      [Unskilled]
   polearms          [Unskilled]
   spear             [Unskilled]
   lance             [Unskilled]
   bow               [Basic]
   shuriken          [Unskilled]
 Spellcasting Skills
   attack spells     [Unskilled]
   divination spells [Unskilled]
   clerical spells   [Unskilled]

Voluntary challenges:
 Character rerolling was not enabled.
 You were illiterate.
 You never genocided any monsters.
 You never polymorphed an object.
 You never changed form.
 You used no wishes.
Achievements:
 You entered the Gnomish Mines.
 You attained the rank of Ronin.
 You attained the rank of Ninja.
 You entered Minetown.
 You entered a temple.
 You entered a shop.

 The Dungeons of Doom: levels 1 to 3
    Level 1:
       A fountain.
    Level 2:
       A fountain.
       Stairs down to The Gnomish Mines.
    Level 3:
 The Gnomish Mines: levels 3 to 7
    Level 3:
    Level 4:
    Level 5: <- You were here.
       Final resting place for
          you, killed by a fox, while frozen by a floating eye's gaze.
    Level 6:
       Many shops, a temple and an altar, some fountains, some trees.
    Level 7:


Vanquished creatures:
  a dwarf mummy
  a rock piercer
  8 gnome leaders
  a giant ant
  a little dog
  a dwarf
  a rothe
  a giant bat
  a monkey
  a giant rat
  a cave spider
  a yellow mold
  a green mold
  a red mold
 33 gnomes
  2 geckos
  4 jackals
  a kobold
  a goblin
  3 sewer rats
  5 grid bugs
  a bat
  4 lichens
  a kobold zombie
  6 newts
82 creatures vanquished.

No species were genocided or became extinct.

Game over:
                       ----------
                      /          \
                     /    REST    \
                    /      IN      \
                   /     PEACE      \
                  /                  \
                  |    Drastanta     |
                  |      14 Au       |
                  | killed by a fox  |
                  |                  |
                  |                  |
                  |                  |
                  |       2026       |
                 *|     *  *  *      | *
        _________)/\\_//(\/(/\)/\//\/|_)_______

Sayonara Drastanta the Samurai...

You died in The Gnomish Mines on dungeon level 5 with 2193 points,
and 14 pieces of gold, after 2561 moves.
You were level 6 with a maximum of 55 hit points when you died.

